 Dungeon Sprint DCSS version 0.19-a0-459-gb8ed64d (webtiles) character file.

30759 Kidiri the Devastator (level 13, -12/84 HPs)
             Began as a Gargoyle Fire Elementalist on June 2, 2016.
             Was the Champion of Vehumet.
             Killed from afar by a purple draconian (17 damage)
             ... with a bolt of dispelling energy
             ... in the Dungeon (Sprint V: "Ziggurat Sprint").
             The game lasted 00:19:47 (1604 turns).

Kidiri the Devastator (Gargoyle Fire Elementalist)  Turns: 1604, Time: 00:19:48

Health: -12/84     AC: 13    Str: 17    XL:     13   Next: 53%
Magic:  16/30      EV: 15    Int: 32    God:    Vehumet [******]
Gold:   0          SH: 15    Dex: 10    Spells: 7 memorised, 5 levels left

rFire  . . .     SeeInvis .     z - +8 whip "Snakebite" {curare, rPois}
rCold  . . .     Gourm    .     m - +0 leather armour of Twilight {*Corrode rN++ Regen+ Str+4}
rNeg   + + +     Faith    .     B - +3 shield
rPois  ∞         Spirit   .     (no helmet)
rElec  +         Dismiss  .     (no cloak)
rCorr  .         Reflect  .     (no gloves)
SustAt .         Harm     .     (no boots)
MR     .....     NoTele   +     (no amulet)
Stlth  ++........               J - +6 ring of intelligence
                                I - +6 ring of intelligence

@: slowed, studying Evocations, very slow, not resistant to hostile
enchantments, unstealthy
A: negative energy resistance 1, electricity resistance, unbreathing,
petrification resistance, rot immunity, AC +9
a: Renounce Religion


You were in the Dungeon.
You worshipped Vehumet.
Vehumet was exalted by your worship.
You were hungry.

You visited 1 branch

Inventory:

Hand Weapons
 y - a +5 demon whip
 z - the +8 whip "Snakebite" (weapon) {curare, rPois}
   (You took it off a merfolk impaler in the Dungeon)

   It poisons the flesh of those it strikes.
   It protects you from poison.
Armour
 m - the +0 leather armour of Twilight (worn) {*Corrode rN++ Regen+ Str+4}
   (You found it in the Dungeon)

   It affects your strength (+4).
   It greatly protects you from negative energy.
   It increases your rate of regeneration.
   It may corrode you when you take damage.
 A - a +3 large shield
 B - a +3 shield (worn)
Jewellery
 a - the ring of Dumm {AC+3 Str+4 Dex+6 Stlth+}
   (You took it off a merfolk in the Dungeon)

   [ring of protection]

   It affects your AC (+3).
   It affects your strength (+4).
   It affects your dexterity (+6).
   It makes you more stealthy.
 e - the ring of the Failed Coup {SustAt Dex+2}
   (You took it off an orc warrior in the Dungeon)

   [ring of sustain attributes]

   It sustains your strength, intelligence and dexterity.
   It affects your dexterity (+2).
 H - the ring of Fun {*Drain MR+ Str+3 Stlth-}
   (You found it in the Dungeon)

   [ring of loudness]

   It affects your strength (+3).
   It affects your resistance to hostile enchantments.
   It causes draining when unequipped.
   It makes you less stealthy.
 I - a +6 ring of intelligence (left hand)
 J - a +6 ring of intelligence (right hand)
 K - a cursed ring of protection from fire
 M - an uncursed ring of see invisible
 O - an uncursed ring of resist corrosion
Wands
 C - a wand of disintegration (7/24)
 D - a wand of iceblast (5/15)
 E - a wand of lightning (5/15)
 F - a wand of acid (5/15)
Scrolls
 i - 3 scrolls of blinking
 p - 2 scrolls of amnesia
 q - 3 scrolls of recharging
 r - 7 scrolls of fog
 s - a scroll of holy word
 t - 5 scrolls of identify
 u - 4 scrolls of remove curse
 v - 2 scrolls of fear
Potions
 d - 9 potions of curing
 f - 6 potions of haste
 g - 6 potions of magic
 j - 2 potions of brilliance
 k - 2 potions of invisibility
 l - 4 potions of resistance
 n - 5 potions of agility
 o - 5 potions of might
Books
 b - a book of Flames

   Spells                             Type                      Level
   a - Flame Tongue                   Conjuration/Fire             1
   b - Throw Flame                    Conjuration/Fire             2
   c - Conjure Flame                  Conjuration/Fire             3
   d - Inner Flame                    Hexes/Fire                   3
   e - Sticky Flame                   Conjuration/Fire             4
   f - Fireball                       Conjuration/Fire             5
 L - a book of Clouds

   Spells                             Type                      Level
   a - Mephitic Cloud                 Conjuration/Poison/Air       3
   b - Conjure Flame                  Conjuration/Fire             3
   c - Poisonous Cloud                Conjuration/Poison/Air       6
   d - Freezing Cloud                 Conjuration/Ice/Air          6
   e - Ring of Flames                 Charms/Fire                  7
 P - a manual of Evocations
Comestibles
 c - 5 bread rations
 h - 9 chunks of flesh
 w - 42 fruits
 x - 4 meat rations


   Skills:
 + Level 11.5 Fighting
 + Level 10.7 Maces & Flails
 - Level 11.4 Armour
 + Level 9.4 Dodging
 - Level 2.1 Stealth
 - Level 11.3 Shields
 * Level 13.7 Spellcasting
 * Level 15.6 Conjurations
 * Level 14.8 Fire Magic
 - Level 11.6 Evocations


You had 5 spell levels left.
You knew the following spells:

 Your Spells              Type           Power        Failure   Level  Hunger
a - Ring of Flames        Chrm/Fire      ######....   99%         7    #####..
c - Sticky Flame          Conj/Fire      #######.     1%          4    None
d - Fireball              Conj/Fire      #######...   1%          5    None
e - Bolt of Fire          Conj/Fire      #######...   1%          6    ###....
f - Stone Arrow           Conj/Erth      ######       1%          3    None
g - Fulminant Prism       Conj/Hex       ######....   1%          4    None
h - Venom Bolt            Conj/Pois      ######....   1%          5    None


Dungeon Overview and Level Annotations

Branches:
Dungeon (1/1)

Altars:
Ashenzari
Cheibriados
Dithmenos
Elyvilon
Fedhas
Gozag
Hepliaklqana
Kikubaaqudgha
Makhleb
Nemelex Xobeh
Okawaru
Pakellas
Qazlal
Ru
Sif Muna
Trog
Uskayaw
Vehumet
Xom
Yredelemnul
Zin
The Shining One
Beogh
Jiyva
Lugonu


Innate Abilities, Weirdness & Mutations

You are resistant to torment.
Your stone body is resilient. (AC +9)
You are immune to poison.
You resist negative energy. (rN+)
You are resistant to electric shocks. (rElec)
You can survive without breathing.
You are immune to petrification.
You are immune to rotting.


Message History

The bolt of fire hits the white draconian.
You kill the white draconian!
Vehumet accepts your kill.
You feel your power returning.
The bolt of fire hits the green draconian.
The green draconian is moderately wounded.
The bolt of fire hits the white draconian.
The white draconian is moderately wounded.
The Orb Guardian hits you.
The mottled draconian hits you with a flail!
* * * LOW HITPOINT WARNING * * *
The golden dragon breathes fire at you. The bolt of fire hits you!
* * * LOW HITPOINT WARNING * * *
You block the Orb Guardian's attack.
You block the mottled draconian's attack.
The purple draconian breathes dispelling energy at you.
The bolt of dispelling energy hits you!
Your magical effects are unravelling.
You die...

▓.))..▓.:.
▓..}:.))....▓▓..)..▓...
▓...........▓▓.....▓...
▓...........▓▓.....▓...
▓...........▓▓.....▓...
▓....dd.....▓▓.....▓...
▓..DdDddd...▓▓▓▓▓▓▓▓▓▓▓
▓..▓dddX.▓..▓..8©8...▓.
▓.....@.....▓..).)...▓.
▓...........▓...)..%.▓.
▓▓▓▓▓▓▓▓▓▓▓▓▓..%%....▓.
▓....8©8....▓........▓.
▓..||:[}.[..▓.▓....▓.▓.
▓...:).:.:(.▓........▓.
▓...........▓▓▓▓▓▓▓▓▓▓▓
▓........(..▓...8©8...▓
▓....)..)...▓..:)[)...▓


You could see a golden dragon, a black draconian, 2 draconians, 2 draconians, a
green draconian, a purple draconian, 2 draconians, a fire dragon and an Orb
Guardian.

Vanquished Creatures
  A lich (D)
  A death cob (D)
  A deep elf sorcerer (D)
  A frost giant (D)
  A white draconian (D)
  2 merfolk javelineers (D)
  11 vault guards (D)
  A merfolk impaler (D)
  An ice dragon (D)
  A dancing weapon (D)
  A soul eater (D)
  2 deep elf knights (D)
  A sea snake (D)
  A cyclops (D)
  7 deep elf magi (D)
  An orc sorcerer (D)
  A water nymph (D)
  A yaktaur (D)
  2 rime drakes (D)
  3 freezing wraiths (D)
  An ancient zyme (D)
  3 merfolk (D)
  2 polar bears (D)
  A jumping spider (D)
  A wind drake (D)
  A snapping turtle (D)
  A shadow (D)
  A wraith (D)
  A fire elemental (D)
  A steam dragon (D)
  3 hippogriffs (D)
  2 hell hounds (D)
  4 ice beasts (D)
  An orc warrior (D)
  3 phantoms (D)
  A necrophage (D)
  2 centaurs (D)
  3 scorpions (D)
  A wight (D)
  A crimson imp (D)
  3 orc priests (D)
  3 orc wizards (D)
  A sheep (D)
  A mummy (D)
  2 shadow imps (D)
  2 white imps (D)
  2 ufetubi (D)
  2 adder zombies (D)
  2 orcs (D)
  3 bat skeletons (D)
  A bat zombie (D)
  A ball python skeleton (D)
  A bat simulacrum (D)
  A quokka skeleton (D)
100 creatures vanquished.

Vanquished Creatures (others)
  A swamp drake (D)
  A fulminant prism (D)
2 creatures vanquished.

Grand Total: 102 creatures vanquished

Notes
Turn   | Place    | Note
--------------------------------------------------------------
     0 | D        | Kidiri the Gargoyle Fire Elementalist began the quest for the Orb.
     0 | D        | Reached XP level 1. HP: 10/10 MP: 3/3
     0 | D        | Found a blossoming altar of Fedhas.
     0 | D        | Found a snail-covered altar of Cheibriados.
     0 | D        | Found a viscous altar of Jiyva.
     0 | D        | Found a roughly hewn altar of Beogh.
     0 | D        | Found a corrupted altar of Lugonu.
     1 | D        | Found a white marble altar of Elyvilon.
     1 | D        | Found a shimmering altar of Xom.
     3 | D        | Found a deep blue altar of Sif Muna.
     3 | D        | Found a burning altar of Makhleb.
     3 | D        | Found a bloodstained altar of Trog.
     3 | D        | Found an iron altar of Okawaru.
     3 | D        | Found a sparkling altar of Nemelex Xobeh.
     3 | D        | Found a radiant altar of Vehumet.
    71 | D        | Became a worshipper of Vehumet
    72 | D        | Reached skill level 1 in Maces & Flails
    72 | D        | Reached skill level 3 in Conjurations
    72 | D        | Reached XP level 2. HP: 17/17 MP: 4/6
    95 | D        | Learned a level 2 spell: Throw Flame
   119 | D        | Entered arena 1.
   119 | D        | Noticed a necrophage
   124 | D        | Killed a necrophage
   124 | D        | Reached skill level 4 in Conjurations
   124 | D        | Reached skill level 5 in Fire Magic
   124 | D        | Reached XP level 3. HP: 16/22 MP: 4/8
   124 | D        | Reached XP level 4. HP: 20/27 MP: 5/10
   145 | D        | Learned a level 4 spell: Sticky Flame
   263 | D        | Entered arena 2.
   263 | D        | Noticed a rime drake
   263 | D        | Noticed a swamp drake
   263 | D        | Noticed a steam dragon
   268 | D        | Killed a swamp drake
   268 | D        | Reached XP level 5. HP: 22/32 MP: 9/11
   272 | D        | Killed a rime drake
   272 | D        | Reached * piety under Vehumet
   272 | D        | Offered knowledge of Sting by Vehumet.
   272 | D        | Reached skill level 5 in Spellcasting
   272 | D        | Reached skill level 6 in Conjurations
   272 | D        | Reached XP level 6. HP: 15/38 MP: 1/14
   272 | D        | Killed a steam dragon
   272 | D        | Reached XP level 7. HP: 17/44 MP: 1/16
   281 | D        | Got the +0 leather armour of Twilight {*Corrode rN++ Regen+ Str+4}
   373 | D        | Learned a level 5 spell: Fireball
   375 | D        | Entered arena 3.
   393 | D        | Reached skill level 7 in Conjurations
   395 | D        | Reached ** piety under Vehumet
   395 | D        | Reached skill level 5 in Fighting
   395 | D        | Reached skill level 5 in Armour
   395 | D        | Reached skill level 5 in Shields
   431 | D        | Entered arena 4.
   431 | D        | Noticed a jumping spider
   432 | D        | Offered knowledge of Sandblast by Vehumet.
   432 | D        | Reached *** piety under Vehumet
   436 | D        | Killed a jumping spider
   436 | D        | Reached skill level 5 in Maces & Flails
   436 | D        | Reached XP level 8. HP: 50/50 MP: 3/18
   453 | D        | Got the ring "Pongel" {rElec Str+4 Int+2}
   535 | D        | Entered arena 5.
   535 | D        | Noticed an ancient zyme
   536 | D        | Reached **** piety under Vehumet
   540 | D        | Killed an ancient zyme
   540 | D        | Reached skill level 8 in Conjurations
   554 | D        | Identified the Reference Book on Torrid Ice (You found it in the Dungeon)
   558 | D        | Identified the Reference Book on Torrid Ice (You found it in the Dungeon)
   565 | D        | Learned a level 6 spell: Bolt of Fire
   594 | D        | Entered arena 6.
   595 | D        | Offered knowledge of Stone Arrow by Vehumet.
   596 | D        | Reached ***** piety under Vehumet
   596 | D        | Reached skill level 5 in Dodging
   625 | D        | Learned a level 3 spell: Stone Arrow
   670 | D        | Entered arena 7.
   670 | D        | Noticed a deep elf mage
   670 | D        | Noticed a deep elf mage
   670 | D        | Noticed a deep elf mage
   670 | D        | Noticed a deep elf knight
   670 | D        | Noticed a deep elf mage
   672 | D        | Killed a deep elf mage
   672 | D        | Offered knowledge of Fulminant Prism by Vehumet.
   672 | D        | Reached skill level 9 in Conjurations
   672 | D        | Reached XP level 9. HP: 54/55 MP: 11/21
   672 | D        | Killed a deep elf mage
   679 | D        | Killed a deep elf knight
   679 | D        | Reached skill level 5 in Evocations
   681 | D        | Killed a deep elf mage
   681 | D        | Reached skill level 10 in Conjurations
   681 | D        | Reached skill level 10 in Fire Magic
   681 | D        | Reached XP level 10. HP: 63/63 MP: 21/23
   683 | D        | Killed a deep elf mage
   789 | D        | Entered arena 8.
   789 | D        | Noticed an orc sorcerer
   789 | D        | Noticed a deep elf mage
   789 | D        | Noticed a trident of piercing
   789 | D        | Noticed a deep elf mage
   789 | D        | Noticed a deep elf sorcerer
   789 | D        | Noticed a deep elf mage
   789 | D        | Noticed a deep elf knight
   791 | D        | Killed an orc sorcerer
   791 | D        | Reached ****** piety under Vehumet
   791 | D        | Killed a deep elf mage
   791 | D        | Killed a deep elf mage
   791 | D        | Killed a deep elf mage
   791 | D        | Reached skill level 11 in Conjurations
   794 | D        | Killed a deep elf sorcerer
   794 | D        | Reached skill level 10 in Spellcasting
   794 | D        | Reached XP level 11. HP: 26/69 MP: 9/25
   798 | D        | Killed a deep elf knight
   808 | D        | Killed a trident of piercing
  1007 | D        | Learned a level 4 spell: Fulminant Prism
  1007 | D        | Entered arena 9.
  1007 | D        | Noticed a cyclops
  1008 | D        | Offered knowledge of Force Lance by Vehumet.
  1010 | D        | Killed a cyclops
  1010 | D        | Reached skill level 12 in Conjurations
  1025 | D        | Got the ring of Dumm {AC+3 Str+4 Dex+6 Stlth+}
  1129 | D        | Entered arena 10.
  1153 | D        | Got the ring of the Failed Coup {SustAt Dex+2}
  1195 | D        | Entered arena 11.
  1195 | D        | Noticed a merfolk javelineer
  1195 | D        | Noticed a sea snake
  1195 | D        | Noticed a merfolk javelineer
  1197 | D        | Noticed a merfolk impaler
  1197 | D        | Offered knowledge of Venom Bolt by Vehumet.
  1198 | D        | Killed a sea snake
  1199 | D        | Killed a merfolk javelineer
  1200 | D        | Killed a merfolk impaler
  1204 | D        | Killed a merfolk javelineer
  1204 | D        | Reached skill level 13 in Conjurations
  1204 | D        | Reached XP level 12. HP: 26/76 MP: 7/27
  1231 | D        | Got the ring of Fun {*Drain MR+ Str+3 Stlth-}
  1292 | D        | Entered arena 12.
  1292 | D        | Noticed an ice dragon
  1296 | D        | Killed an ice dragon
  1296 | D        | Reached skill level 10 in Armour
  1297 | D        | Noticed a frost giant
  1297 | D        | Reached skill level 10 in Shields
  1302 | D        | Killed a frost giant
  1302 | D        | Reached skill level 10 in Fighting
  1302 | D        | Reached skill level 10 in Evocations
  1319 | D        | Identified the Handbook of the Damaging Mountains (You found it in the Dungeon)
  1319 | D        | Identified the Handbook of the Damaging Mountains (You found it in the Dungeon)
  1325 | D        | Learned a level 5 spell: Venom Bolt
  1370 | D        | Entered arena 13.
  1371 | D        | Noticed a soul eater
  1372 | D        | Offered knowledge of Poisonous Cloud by Vehumet.
  1376 | D        | Killed a soul eater
  1447 | D        | Identified the Handbook of Transmigration and Unholy Rituals (You found it in the Dungeon)
  1454 | D        | Entered arena 14.
  1455 | D        | Noticed a lich
  1455 | D        | Noticed a vault guard
  1455 | D        | Noticed a vault guard
  1455 | D        | Noticed a vault guard
  1455 | D        | Noticed a vault guard
  1455 | D        | Noticed a vault guard
  1456 | D        | Noticed a vault guard
  1456 | D        | Noticed a vault guard
  1456 | D        | Noticed a vault guard
  1457 | D        | Noticed a vault guard
  1457 | D        | Noticed a vault guard
  1458 | D        | Noticed a vault guard
  1459 | D        | Killed a vault guard
  1460 | D        | Killed a vault guard
  1460 | D        | Reached skill level 14 in Conjurations
  1462 | D        | Killed a lich
  1466 | D        | Killed a vault guard
  1467 | D        | Killed a vault guard
  1467 | D        | Reached skill level 10 in Maces & Flails
  1467 | D        | Reached XP level 13. HP: 63/84 MP: 11/29
  1467 | D        | Killed a vault guard
  1470 | D        | Killed a vault guard
  1471 | D        | Killed a vault guard
  1472 | D        | Killed a vault guard
  1474 | D        | Killed a vault guard
  1474 | D        | Reached skill level 15 in Conjurations
  1484 | D        | Killed a vault guard
  1491 | D        | Killed a vault guard
  1529 | D        | Identified the Grimoire of Scorching Beguiling (You found it in the Dungeon)
  1538 | D        | Learned a level 7 spell: Ring of Flames
  1539 | D        | Identified the Grimoire of Scorching Beguiling (You found it in the Dungeon)
  1544 | D        | Identified the Compendium of the Ashen Glacier (You found it in the Dungeon)
  1545 | D        | Identified Sif Muna's Handbook of Transmutation and Intoxication (You found it in the Dungeon)
  1598 | D        | Entered arena 15.
  1599 | D        | Noticed a golden dragon
  1599 | D        | Noticed a mottled draconian
  1599 | D        | Noticed a black draconian
  1599 | D        | Noticed a white draconian
  1599 | D        | Noticed a death cob
  1599 | D        | Noticed a yellow draconian
  1599 | D        | Noticed a mottled draconian
  1600 | D        | Noticed a purple draconian
  1600 | D        | Noticed an Orb Guardian
  1601 | D        | Noticed a fire dragon
  1601 | D        | Noticed a white draconian
  1601 | D        | Noticed a green draconian
  1601 | D        | Noticed a yellow draconian
  1602 | D        | Noticed a white draconian
  1604 | D        | Killed a death cob
  1604 | D        | Killed a white draconian
  1604 | D        | Killed from afar by a purple draconian

Vault maps used:
D:        sprint_v

Skill      XL: |  1  2  3  4  5  6  7  8  9 10 11 12 13 |
---------------+----------------------------------------+-----
Fighting       | 2 3 4 5 6 7 8 9 10 11 | 11.5
Maces & Flails | 1 2 3 4 5 6 7 8 10 | 10.7
Armour         | 2 3 4 5 6 7 8 9 10 11 | 11.4
Dodging        | 2 3 4 5 6 7 8 9 |  9.4
Shields        | 2 3 4 5 6 7 8 9 10 11 | 11.3
Spellcasting   | 3 4 5 6 7 8 9 10 11 12 13 | 13.7
Conjurations   | 3 4 6 7 9 10 11 13 14 15 | 15.6
Fire Magic     | 4 5 6 8 9 10 11 12 13 14 | 14.8
Evocations     | 2 3 4 5 7 9 11 | 11.6
Stealth        | |  2.1

Action                   |  1- 3 |  4- 6 |  7- 9 | 10-12 | 13-15 || total
-------------------------+-------+-------+-------+-------+-------++-------
Melee: Demon whip        |     2 |     4 |    35 |    13 |       ||    54
       Whip              |       |       |       |       |     8 ||     8
 Cast: Flame Tongue      |     1 |     1 |     6 |     7 |       ||    15
       Sticky Flame      |       |     2 |     4 |     2 |     2 ||    10
       Fireball          |       |       |     9 |    28 |     3 ||    40
       Bolt of Fire      |       |       |     1 |    11 |     7 ||    19
       Fulminant Prism   |       |       |       |       |     1 ||     1
  Use: Potion            |     2 |     1 |    10 |     4 |     1 ||    18
       Scroll            |       |       |     1 |     2 |     1 ||     4
  Eat: Royal jelly       |       |       |     3 |       |       ||     3
       Chunk             |       |       |       |     3 |     1 ||     4
Armor: Robe              |     2 |     4 |       |       |       ||     6
       Leather armour    |       |       |    19 |    12 |     5 ||    36
Dodge: Dodged            |     1 |     5 |    48 |    18 |    13 ||    85
Block: Buckler           |     3 |     4 |    22 |     3 |       ||    32
       Shield            |       |       |       |    19 |    16 ||    35
